 Dungeon Crawl Stone Soup version 0.30.0-5-g1a98f26d00 (webtiles) character file.

Game seed: 15311033921933885319

38 Foic the Grasshopper (level 3, -1/18 HPs)
             Began as a Spriggan Warper on May 11, 2023.
             Slain by a worm (9 damage)
             ... on level 2 of the Dungeon.
             The game lasted 00:08:58 (1205 turns).

Foic the Grasshopper (Spriggan Warper)              Turns: 1205, Time: 00:08:59

Health: -1/18      AC:  2    Str:  7    XL:     3   Next: 25%
Magic:  8/8        EV: 17    Int: 16    God:
Gold:   32         SH:  0    Dex: 14    Spells: 3/8 levels left

rFire   . . .        a - +0 short sword
rCold   . . .        (no shield)
rNeg    . . .        b - +0 robe
rPois   .            (helmet restricted)
rElec   .            (no cloak)
rCorr   .            (gloves unavailable)
SInv    +            (boots unavailable)
Will    .....        (no amulet)
Stlth   ++           (no ring)
HPRegen 0.23/turn    (no ring)
MPRegen 0.11/turn

%: no passive effects
@: very quick
A: very small, no large weapons, unfitting armour, see invisible, speed 3
a: no special abilities


You were on level 2 of the Dungeon.
You visited 1 branch of the dungeon, and saw 2 of its levels.

You collected 32 gold pieces.

Inventory:

Hand Weapons
 a - a +0 short sword (weapon)
Armour
 b - a +0 robe (worn)
Scrolls
 c - a scroll of blinking
 i - a scroll of identify {unknown}
 j - 3 scrolls of enchant armour {unknown}
Potions
 d - a potion of attraction {unknown}
 e - a potion of flight {unknown}
 f - a potion of brilliance {unknown}
 h - a potion of haste {unknown}


   Skills:
 + Level 1.7 Fighting
 + Level 2.4 Short Blades
 - Level 1.2 Throwing
 + Level 3.5 Dodging
 + Level 1.2 Stealth
 * Level 3.2 Spellcasting
 * Level 5.0 Translocations


You had 3 spell levels left.
You knew the following spells:

 Your Spells              Type           Power      Damage    Failure   Level
a - Blink                 Tloc           36%        N/A       3%          2
b - Teleport Other        Tloc           18%        N/A       7%          3

Your spell library contained the following spells:

 Spells                   Type           Power      Damage    Failure   Level
 Lesser Beckoning         Tloc           36%        N/A       3%          2
 Vhi's Electric Charge    Tloc/Air       20%        N/A       19%         3
 Manifold Assault         Tloc           18%        N/A       22%         4


Dungeon Overview and Level Annotations

Branches:
Dungeon (2/15)

Altars:


Innate Abilities, Weirdness & Mutations

You are very small and have problems with some larger weapons.
You are too small for most types of armour.
You have supernaturally acute eyesight. (SInv)
You cover ground extremely quickly. (Speed+++)


Message History

Press: ? - help, Q - select action, (/) - cycle Shift-Dir - straight line, f/p - worm
Aim: a worm (severely wounded, 77% to hit)
You throw a stone. The stone hits the worm.
The worm is severely wounded.
Throw: 5 stones
Press: ? - help, Q - select action, (/) - cycle Shift-Dir - straight line, f/p - worm
Aim: a worm (severely wounded, 77% to hit)
You throw a stone. The stone hits the worm.
The worm is almost dead.
Throw: 4 stones
Press: ? - help, Q - select action, (/) - cycle Shift-Dir - straight line, f/p - worm
Aim: a worm (severely wounded, 77% to hit)
You throw a stone. The stone barely misses the worm.
Throw: 3 stones
Press: ? - help, Q - select action, (/) - cycle Shift-Dir - straight line, f/p - worm
Aim: a worm (severely wounded, 77% to hit)
You throw a stone. The stone barely misses the worm.
Throw: 2 stones
Press: ? - help, Q - select action, (/) - cycle Shift-Dir - straight line, f/p - worm
Aim: a worm (severely wounded, 77% to hit)
You throw a stone.
The stone hits the worm but does no damage.
The worm is severely wounded.
Throw: stone
Press: ? - help, Q - select action, (/) - cycle Shift-Dir - straight line, f/p - worm
Aim: a worm (severely wounded, 77% to hit)
You throw a stone. The stone hits the worm.
The worm is severely wounded.
You hit the worm.
The worm is severely wounded.
You hit the worm but do no damage.
The worm is severely wounded.
The worm bites you.
You hit the worm but do no damage.
The worm is severely wounded.
You hit the worm.
The worm is severely wounded.
The worm bites you!
Ouch! That really hurt!
You die...

#### ##<..# $.
##...##....#....
##..........#......
#.......#...#......
##.......###...##.#
..PPP.............###
.$$$P................
P$$$P....#w.......###
P$$$P....#@.........#
PPPPP....#........#.#..
.............[........#
###.....###......##.#.#
..#.######...#.#....
###. ..# ##..........
#.####..>......
#.##..........#
######.....###.##...


You could see a worm.

Vanquished Creatures
  4 dart slugs (D:1)
  3 ball pythons (D:1)
  5 endoplasms (D:1)
  2 giant cockroaches
  2 goblins (D:1)
  3 kobolds (D:1)
  3 quokkas
  4 bats
  2 rats (D:1)
28 creatures vanquished.

Notes
Turn   | Place    | Note
-------+----------+-------------------------------------------
     0 | D:1      | Foic the Spriggan Warper began the quest for the Orb.
     0 | D:1      | Reached XP level 1. HP: 10/10 MP: 5/5
   218 | D:1      | Reached XP level 2. HP: 14/14 MP: 6/6
   273 | D:1      | Learned a level 2 spell: Blink
   405 | D:1      | Reached skill level 1 in Stealth
   659 | D:1      | Reached XP level 3. HP: 18/18 MP: 8/8
   799 | D:1      | Reached skill level 5 in Translocations
   999 | D:1      | Learned a level 3 spell: Teleport Other
  1205 | D:2      | Slain by a worm

Illustrated notes

Levels and vault maps discovered:
D:1:      minmay_arrival_up_and_down, layout_loops_ring
D:2:      layout_rooms, chequers_serial_rivers_small_b,
          minmay_gold_behind_fungi, minmay_misc_feat_four_crosses,
          grunt_decor_cap

Skill      XL: |  1  2  3 |
---------------+----------+-----
Spellcasting   | 3 |  3.2
Stealth        | 1 |  1.2
Translocations | 5 |  5.0
Fighting       | |  1.7
Short Blades   | |  2.4
Throwing       | |  1.2
Dodging        | |  3.5

Action                     || total
---------------------------++-------
  Melee: Short sword       ||   154
         Punch             ||     2
  Throw: Boomerang         ||     7
         Stone             ||    10
   Stab: Sleeping          ||     1
 Armour: Robe              ||    16
  Dodge: Dodged            ||   115
